 Dungeon Crawl Stone Soup version 0.21-a0-538-gd16b88a (webtiles) character file.

7822 Lasiace the Fighter (level 11, -2/119 HPs)
             Began as an Ogre Arcane Marksman on Dec 16, 2017.
             Was a Priest of Okawaru.
             Slain by a vampire mosquito (7 damage)
             ... on level 9 of the Dungeon.
             The game lasted 01:21:34 (16014 turns).

Lasiace the Fighter (Ogre Arcane Marksman)         Turns: 16014, Time: 01:21:34

Health: -2/119     AC:  3    Str: 20      XL:     11   Next: 21%
Magic:  12/14      EV: 14    Int: 13 (14) God:    Okawaru [***...]
Gold:   536        SH:  0    Dex: 11 (12) Spells: 4/12 levels left

rFire    . . .     SeeInvis .   a - +0 dire flail
rCold    + . .     Gourm    .   (shield currently unavailable)
rNeg     . . .     Faith    .   d - +0 robe
rPois    .         Spirit   .   (helmet restricted)
rElec    .         Reflect  .   (no cloak)
rCorr    .         Harm     .   (gloves unavailable)
MR       ++...                  (boots unavailable)
Stlth    +++.......             (no amulet)
HPRegen  0.29/turn              I - ring of protection from magic (curse)
MPRegen  0.14/turn              U - ring of protection from cold

@: heroism, hasted, very quick
A: large, unfitting armour, blurry vision 1, deterioration 1, strong 2, tough
skin 1
a: Heroism, Renounce Religion


You were on level 9 of the Dungeon.
You worshipped Okawaru.
Okawaru was most pleased with you.
You were not hungry.

You visited 2 branches of the dungeon, and saw 11 of its levels.

You collected 536 gold pieces.

Inventory:

Hand Weapons
 a - a +0 dire flail (weapon)
 b - a +0 blowgun
 w - a +0 giant club
Missiles
 e - a throwing net {=f !f @Q7 @f7}
 o - 3 curare-tipped needles
 p - 4 needles of sleeping
 v - 136 sling bullets {@Q3 @f3}
 D - 339 stones (quivered) {@Q0 @f0}
 M - 30 poisoned needles
Armour
 d - a +0 robe (worn)
Jewellery
 I - a cursed ring of protection from magic (left hand)
 U - a ring of protection from cold (right hand)
Wands
 i - a wand of random effects (25)
 K - a wand of scattershot (4)
Scrolls
 j - a scroll of immolation {unknown}
 k - a scroll of amnesia {unknown}
 l - 5 scrolls of enchant armour {unknown}
 m - 2 scrolls of magic mapping {unknown}
 n - 5 scrolls of teleportation {@r3 !r}
 u - a scroll of noise {unknown}
 z - a scroll of fog {unknown}
 C - 2 scrolls of remove curse {unknown}
 F - 2 scrolls of enchant weapon {unknown}
 H - 5 scrolls of identify {@r4}
 J - a scroll of random uselessness {unknown}
Potions
 g - 3 potions of haste
 h - 3 potions of might
 r - 3 potions of curing {unknown}
 s - a potion of cancellation
 t - 2 potions of agility {unknown}
 x - a potion of invisibility {unknown}
 y - 2 potions of degeneration {unknown}
 O - a potion of resistance {unknown}
 Q - 2 potions of flight {unknown}
Books
 B - a book of Debilitation

   Spells                             Type                      Level
   a - Corona                         Hexes                        1
   b - Slow                           Hexes                        2
   c - Inner Flame                    Hexes/Fire                   3
   d - Portal Projectile              Hexes/Translocation          3
   e - Cause Fear                     Hexes                        4
   f - Leda's Liquefaction            Hexes/Earth                  4
 E - a book of Necromancy

   Spells                             Type                      Level
   a - Pain                           Necromancy                   1
   b - Animate Skeleton               Necromancy                   1
   c - Vampiric Draining              Necromancy                   3
   d - Regeneration                   Charms/Necromancy            3
   e - Animate Dead                   Necromancy                   4
   f - Control Undead                 Necromancy                   4
 G - a book of Minor Magic

   Spells                             Type                      Level
   a - Magic Dart                     Conjuration                  1
   b - Blink                          Translocation                2
   c - Call Imp                       Summoning                    2
   d - Slow                           Hexes                        2
   e - Conjure Flame                  Conjuration/Fire             3
   f - Mephitic Cloud                 Conjuration/Poison/Air       3
Comestibles
 f - 8 bread rations
 N - 5 royal jellies
 P - 8 fruits
 R - 3 meat rations


   Skills:
 + Level 10.9(15.9) Fighting
 - Level 8.0(13.0) Maces & Flails
 - Level 10.0(15.0) Throwing
 - Level 5.0(10.0) Dodging
 - Level 1.2 Spellcasting
 - Level 2.6 Hexes
 - Level 4.6 Invocations


You had 4 spell levels left.
You knew the following spells:

 Your Spells              Type           Power        Failure   Level  Hunger
a - Corona                Hex            #......      9%          1    ##.....
b - Slow                  Hex            #.......     14%         2    ###....
d - Blink                 Tloc           N/A          38%         2    ###....
g - Portal Projectile     Hex/Tloc       #.....       43%         3    ####...


Dungeon Overview and Level Annotations

Branches:
Dungeon (10/15)            Temple (1/1) D:7
   Lair: D:8-11         Orc: D:9-12

Altars:
Ashenzari
Cheibriados
Dithmenos
Elyvilon
Fedhas
Gozag
Hepliaklqana
Kikubaaqudgha
Makhleb
Nemelex Xobeh
Okawaru
Qazlal
Ru
Sif Muna
Trog
Uskayaw
Vehumet
Wu Jian
Xom
Yredelemnul
Zin
The Shining One

Annotations:
D:4 loopi's ghost, amateur DrWn
D:10 crub's ghost, novice MiFi


Innate Abilities, Weirdness & Mutations

You are too large for most types of armour.
You have tough skin. (AC +1)
Scrolls take you a little longer to read.
Your body sometimes deteriorates upon taking damage.
Your muscles are very strong. (Str +4)


Message History

You feel much better.
The vampire mosquito closely misses you.
You barely miss the vampire mosquito. The vampire mosquito bites you!
* * * LOW HITPOINT WARNING * * *
The vampire mosquito draws strength from your injuries!
You barely miss the vampire mosquito. The vampire mosquito bites you!
* * * LOW HITPOINT WARNING * * *
The vampire mosquito draws strength from your injuries!
You gain the combat prowess of a mighty hero.
The vampire mosquito barely misses you.
You sock the vampire mosquito!
The vampire mosquito is moderately damaged.
The vampire mosquito misses you.
You miss the vampire mosquito.
The vampire mosquito is moderately damaged.
The vampire mosquito misses you.
You puncture the vampire mosquito!
The vampire mosquito is almost destroyed.
The vampire mosquito bites you!
You die...

#.# #.# #.# #.# #.# #.# #.# #.#
#.# #.# #.###################.#
##########...............).....#
................y...........<..#
#####...........@..............#
#..#######################.#
#..# #.# #..# #.# #..# #.#
#####..#######################.#
...............................#
.##############................#
.# #..############..#


You could see a vampire mosquito.

Vanquished Creatures
  A hydra (D:9)
  2 two-headed ogres (D:9)
  The ghost of RedSky the Stinger, a novice DrVM of Hepliaklqana (D:7)
  Joseph (D:7)
  2 dream sheep (D:9)
  3 yaks
  2 orc warriors
  3 sky beasts
  2 black bears (D:7)
  A hornet zombie (D:8)
  2 phantoms
  7 ogres
  A centaur (D:7)
  A crocodile (D:6)
  4 big kobolds
  4 bullfrogs
  4 scorpions
  5 killer bees
  A howler monkey (D:5)
  5 wights
  5 crimson imps
  5 hounds
  A jelly (D:5)
  4 orc priests
  A bullfrog skeleton (D:8)
  A bullfrog zombie (D:5)
  A centaur skeleton (D:9)
  6 orc wizards
  Jessica (D:2)
  An iguana (D:5)
  Natasha (thrice) (D:3)
  7 worker ants
  2 hound skeletons
  A howler monkey zombie (D:5)
  A worker ant zombie (D:3)
  8 gnolls
  6 adders
  A shadow imp (D:6)
  4 oozes
  An adder zombie (D:7)
  3 adder skeletons
  6 worms
  5 dart slugs
  2 leopard geckos
  11 orcs
  8 bats
  7 giant cockroaches
  3 goblins
  6 hobgoblins
  6 jackals
  18 kobolds
  3 quokkas
  A ball python zombie (D:5)
  4 frilled lizards
  2 jackal skeletons
  2 leopard gecko skeletons (D:4)
  A quokka skeleton (D:5)
  10 rats
210 creatures vanquished.

Notes
Turn   | Place    | Note
-------+----------+-------------------------------------------
     0 | D:1      | Lasiace the Ogre Arcane Marksman began the quest for the Orb.
     0 | D:1      | Reached XP level 1. HP: 19/19 MP: 2/2
   156 | D:1      | Reached XP level 2. HP: 28/29 MP: 3/3
   698 | D:1      | Reached XP level 3. HP: 39/39 MP: 2/4
   708 | D:1      | Learned a level 2 spell: Slow
  1093 | D:1      | Reached skill level 1 in Maces & Flails
  1249 | D:2      | Noticed Jessica
  1250 | D:2      | Killed Jessica
  1250 | D:2      | Reached XP level 4. HP: 48/48 MP: 5/5
  1254 | D:2      | Found a hazy altar of Hepliaklqana.
  2763 | D:3      | Reached XP level 5. HP: 54/54 MP: 3/6
  2937 | D:3      | Found a burning altar of Makhleb.
  3525 | D:3      | Noticed Natasha
  3526 | D:3      | Killed Natasha
  3799 | D:3      | Found a burning altar of Makhleb.
  3806 | D:3      | Noticed Natasha
  3811 | D:3      | Killed Natasha
  3979 | D:3      | Noticed Natasha
  3982 | D:3      | Killed Natasha
  3982 | D:3      | Reached XP level 6. HP: 62/62 MP: 5/7
  4375 | D:4      | Noticed loopi's ghost (amateur DrWn)
  4789 | D:5      | Entered Level 5 of the Dungeon
  5105 | D:5      | Reached skill level 5 in Fighting
  5105 | D:5      | Reached XP level 7. HP: 66/72 MP: 1/8
  6555 | D:6      | Reached XP level 8. HP: 62/88 MP: 6/9
  6892 | D:6      | Reached skill level 5 in Maces & Flails
  7459 | D:6      | HP: 3/88 [crocodile (15)]
  7955 | D:6      | HP: 3/132 [orc warrior/glaive (9)]
  8748 | D:7      | Noticed Joseph
  8771 | D:7      | HP: 2/88 [Joseph/sling bullet (9)]
  8777 | D:7      | Killed Joseph
  8777 | D:7      | Reached skill level 5 in Dodging
  8777 | D:7      | Reached XP level 9. HP: 4/96 MP: 10/10
  9161 | D:7      | Learned a level 2 spell: Blink
  9165 | D:7      | Learned a level 3 spell: Portal Projectile
  9397 | D:7      | Noticed RedSky's ghost (novice DrVM)
  9399 | D:6      | Reached skill level 5 in Throwing
  9647 | D:7      | Found a staircase to the Ecumenical Temple.
  9655 | Temple   | Entered the Ecumenical Temple
  9911 | Temple   | Became a worshipper of Warmaster Okawaru
 10582 | D:7      | Killed RedSky's ghost
 11074 | D:8      | Reached * piety under Okawaru
 11520 | D:8      | Reached XP level 10. HP: 98/104 MP: 11/11
 12375 | D:8      | Reached skill level 1 in Invocations
 12554 | D:9      | Noticed a two-headed ogre
 12597 | D:9      | Killed a two-headed ogre
 12597 | D:9      | Reached ** piety under Okawaru
 12923 | D:9      | Noticed a two-headed ogre
 13673 | D:9      | Reached skill level 10 in Fighting
 13732 | D:9      | Noticed a two-headed hydra
 14473 | D:9      | Killed a two-headed hydra
 14473 | D:9      | Reached *** piety under Okawaru
 14776 | D:9      | Killed a two-headed ogre
 14776 | D:9      | Reached skill level 10 in Throwing
 14776 | D:9      | Reached XP level 11. HP: 61/117 MP: 14/14
 15112 | D:9      | Gained mutation: Scrolls take you a little longer to read. [mutagenic meat]
 15113 | D:9      | Gained mutation: Your muscles are strong. (Str +2) [mutagenic meat]
 15114 | D:9      | Gained mutation: Your body sometimes deteriorates upon taking damage. [mutagenic meat]
 15115 | D:9      | Gained mutation: Your muscles are very strong. (Str +4) [mutagenic meat]
 15524 | D:10     | Entered Level 10 of the Dungeon
 15725 | D:10     | Noticed crub's ghost (novice MiFi)
 16006 | D:10     | HP: 3/119 [vampire mosquito (10)]
 16014 | D:9      | Slain by a vampire mosquito

Vault maps used:
D:1:      scummos_arrival_simple_crosswalls
D:2:      old_standard_altar, first_bread, uniq_jessica
D:3:      bloody_makhleb, uniq_natasha
D:5:      roderic_lattice_a, serial_park_tiny_1
D:7:      minmay_temple_entry_large_hall, uniq_joseph
D:9:      hangedman_ranch
D:10:     due_megacathedral, pond
Temple:   nicolae_temple_the_god_donut

Skill      XL: |  1  2  3  4  5  6  7  8  9 10 |
---------------+-------------------------------+-----
Fighting       | 2 3 4 5 8 10 | 10.9
Maces & Flails | 2 3 4 6 7 8 |  8.0
Throwing       | 4 8 10 | 10.0
Dodging        | 5 |  5.0
Invocations    | 4 |  4.6
Spellcasting   | |  1.2
Hexes          | |  2.6

Action                   |  1- 3 |  4- 6 |  7- 9 | 10-12 || total
-------------------------+-------+-------+-------+-------++-------
Melee: Club              |     9 |       |       |       ||     9
       Unarmed           |     4 |       |       |       ||     4
       Whip              |    28 |   155 |   207 |    93 ||   483
       Giant club        |       |       |    22 |       ||    22
       Morningstar       |       |       |    15 |     7 ||    22
       Dire flail        |       |       |       |    30 ||    30
 Fire: Blowgun           |       |       |       |   129 ||   129
Throw: Large rock        |    18 |    25 |    35 |    28 ||   106
       Stone             |    22 |    87 |    39 |     2 ||   150
       Throwing net      |       |       |     2 |       ||     2
       Tomahawk          |       |       |    37 |     1 ||    38
 Cast: Corona            |    21 |    65 |    63 |     1 ||   150
       Slow              |       |       |     1 |       ||     1
       Portal Projectile |       |       |       |     3 ||     3
Invok: Heroism           |       |       |       |     1 ||     1
  Use: Scroll            |       |     6 |       |     1 ||     7
       Potion            |       |       |     4 |     2 ||     6
 Stab: Distracted        |       |     1 |       |       ||     1
  Eat: Chunk             |     2 |    14 |    17 |    11 ||    44
       Royal jelly       |       |       |     2 |     1 ||     3
       Bread ration      |       |       |       |     1 ||     1
       Fruit             |       |       |       |     4 ||     4
Armor: Robe              |    14 |    37 |    32 |    16 ||    99
       Skin              |       |       |     2 |       ||     2
Dodge: Dodged            |    25 |    86 |   103 |    85 ||   299

Table legend:
 A = Spawn XP
 B = Non-spawn XP
 C = Spawn XP percentage of total XP
 D = Spawn monster count
 E = Non-spawn monster count
 F = Spawn count percentage of total count
 G = Total turns spent on level
                    A         B        C        D         E        F      G
               +---------+---------+-------+---------+---------+-------+---------
         Total |       0 |   11175 |   0.0 |       0 |     210 |   0.0 | 16014
               +---------+---------+-------+---------+---------+-------+---------
           D:1 |       0 |      56 |   0.0 |       0 |      28 |   0.0 |  1242
           D:2 |       0 |      84 |   0.0 |       0 |      17 |   0.0 |  1088
           D:3 |       0 |     183 |   0.0 |       0 |      24 |   0.0 |  1754
           D:4 |       0 |     163 |   0.0 |       0 |      16 |   0.0 |   800
           D:5 |       0 |     533 |   0.0 |       0 |      21 |   0.0 |  1583
           D:6 |       0 |    1066 |   0.0 |       0 |      20 |   0.0 |  2394
           D:7 |       0 |    2111 |   0.0 |       0 |      16 |   0.0 |  2006
           D:8 |       0 |    1587 |   0.0 |       0 |      38 |   0.0 |  2091
           D:9 |       0 |    4767 |   0.0 |       0 |      23 |   0.0 |  2524
          D:10 |       0 |     625 |   0.0 |       0 |       7 |   0.0 |   262
               +---------+---------+-------+---------+---------+-------+---------
